 Dungeon Crawl Stone Soup version 0.26-a0-665-gefeb406119 (webtiles) character file.

Game seed: 17116720258180443616

6969 dickylongcocking the Reanimator (level 10, -8/92 HPs)
             Began as a Deep Dwarf Necromancer on Oct 14, 2020.
             Was a Priest of Makhleb.
             Mangled by an orc warrior
             ... wielding a +0 halberd
              (15 damage)
             ... in a bailey.
             The game lasted 00:18:56 (13287 turns).

dickylongcocking the Reanimator (DDNe)             Turns: 13287, Time: 00:18:56

Health: -8/92      AC: 10    Str: 11    XL:     10   Next: 81%
Magic:  0/18       EV: 12    Int: 20    God:    Makhleb [***...]
Gold:   727        SH:  0    Dex: 13    Spells: 16/20 levels left

rFire    . . .     SeeInvis +   y - +7 lajatang of Order {silver, rMut}
rCold    . . .     Faith    .   (shield currently unavailable)
rNeg     . . .     Spirit   .   e - +0 leather armour
rPois    +         Reflect  .   n - +2 helmet {SInv}
rElec    .         Harm     .   v - +1 cloak {rPois}
rCorr    .         Rampage  .   (no gloves)
rMut     +                      q - +0 pair of boots {Fly}
MR       +....                  (no amulet)
Stlth    ++........             (no ring)
HPRegen  0.00/turn              (no ring)
MPRegen  0.16/turn

@: flying, non-regenerating
A: damage resistance, heal wounds, sense surroundings 2, no regeneration
a: Heal Wounds, Minor Destruction, Lesser Servant of Makhleb, Renounce Religion,
Stop Flying


You were in a bailey.
You worshipped Makhleb.
Makhleb was most pleased with you.
You visited 2 branches of the dungeon, and saw 13 of its levels.
You also visited: Bailey.

You collected 985 gold pieces.
You spent 258 gold pieces at shops.

Inventory:

Hand Weapons
 b - a +0 dagger
 d - a +0 whip
 j - a +1 vampiric whip
 m - a +0 great sword
 r - a +0 spear of flaming
 x - a +0 broad axe
 y - the +7 lajatang of Order (weapon) {silver, rMut}
   (You found it on level 9 of the Dungeon)

   It protects you from mutation.
Armour
 a - a +0 robe
 e - a +0 leather armour (worn)
 n - a +2 helmet of see invisible (worn)
 q - a +0 pair of boots of flying (worn)
 v - a +1 cloak of poison resistance (worn)
Jewellery
 w - an uncursed ring of protection from magic
Wands
 l - a wand of polymorph (18)
 s - a wand of digging (4)
Scrolls
 c - 7 scrolls of remove curse
 f - 7 scrolls of identify
 h - 3 scrolls of amnesia
 i - 2 scrolls of magic mapping
 t - 2 scrolls of enchant armour {unknown}
 B - a scroll of vulnerability
Potions
 g - 2 potions of stabbing
 k - a potion of resistance
 o - a potion of degeneration
 p - 2 potions of flight


   Skills:
 * Level 6.7 Fighting
 - Level 5.0(5.5) Maces & Flails
 * Level 2.8(4.1) Staves
 * Level 5.3 Armour
 - Level 2.4 Dodging
 - Level 2.4 Stealth
 * Level 5.7 Spellcasting
 * Level 11.1 Necromancy
 * Level 6.3 Evocations


You had 16 spell levels left.
You knew the following spells:

 Your Spells              Type           Power        Failure   Level
a - Pain                  Necr           ####         1%          1
b - Vampiric Draining     Necr           ######....   1%          3

Your spell library contained the following spells:

 Spells                   Type           Power        Failure   Level
 Animate Skeleton         Necr           ######       1%          1
 Animate Dead             Necr           ######....   1%          4
 Agony                    Necr           ######..     4%          5
 Corona                   Hex            #......      14%         1
 Magic Dart               Conj           #...         14%         1
 Sandblast                Erth           #.....       14%         1
 Ensorcelled Hibernation  Hex/Ice        #.....       21%         2
 Passwall                 Tmut/Erth      #.......     21%         2
 Searing Ray              Conj           #.....       21%         2
 Confusing Touch          Hex            #.......     38%         3
 Dazzling Flash           Conj/Hex       #.....       38%         3
 Stone Arrow              Conj/Erth      #.....       38%         3
 Tukima's Dance           Hex            #.......     38%         3
 Fulminant Prism          Conj/Hex       #.........   80%         4
 Iskenderun's Mystic Bla  Conj/Tloc      #.......     80%         4
 Petrify                  Tmut/Erth      #.......     80%         4
 Lee's Rapid Deconstruct  Erth           #.........   98%         5


Dungeon Overview and Level Annotations

Branches:
Dungeon (12/15)            Temple (1/1) D:4            Lair (0/6) D:8
    Orc (0/2) D:9          Bailey (1/1)

Altars:
Ashenzari
Cheibriados
Dithmenos
Elyvilon
Fedhas
Gozag
Hepliaklqana
Kikubaaqudgha
Makhleb
Nemelex Xobeh
Okawaru
Qazlal
Ru
Sif Muna
Trog
Uskayaw
Vehumet
Wu Jian
Xom
Yredelemnul
Zin
The Shining One

Shops:
D:7 [((*(

Annotations:
D:9 3 runed translucent doors, ardl's ghost, novice TrFi


Innate Abilities, Weirdness & Mutations

You are resistant to damage.
You can heal yourself by infusing magical energy.
You passively map the area around you.
You do not regenerate.


Message History

Casting: Vampiric Draining (safe; 1% risk of failure)
Confirm with . or Enter, or press ? or * to list all spells.
Aiming: Vampiric Draining (safe; 1% risk of failure)
Press: ? - help, Shift-Dir - straight line, f/p - orc knight
Aim: an orc knight, wielding a +0 trident and wearing a +0 plate armour (severely wounded)
The orc knight is almost dead.
You feel life coursing into your body! The orc warrior barely misses you.
Unknown command.
Unknown command.
Casting: Vampiric Draining (safe; 1% risk of failure)
Confirm with . or Enter, or press ? or * to list all spells.
Aiming: Vampiric Draining (safe; 1% risk of failure)
Press: ? - help, Shift-Dir - straight line, f/p - orc knight
Aim: an orc knight, wielding a +0 trident and wearing a +0 plate armour (almost dead)
The orc knight is almost dead.
You feel life coursing into your body.
The orc knight hits you with a +0 trident!
* * * LOW HITPOINT WARNING * * *
The orc warrior hits you from afar with a +0 halberd!
You die...

....≈≈≈≈≈.................≈≈≈≈≈..
...≈≈#.#≈≈..............)≈≈#.#≈≈.
...≈##.##≈...............≈##.##≈.
...≈..^..≈.........(..(.(≈))^..≈.
...≈##.∩#≈.........(.(...≈#∩.##≈.
...≈≈#)#)≈....#######....≈.#.#≈≈.
....≈≈≈≈≈....##....##.....≈≈≈≈≈..
............##.....##............
......(....##..#@o'##............
.(.........#..##∩.∩##..##........
..........##.####o####.##........
..........##.')#.o.#)'.##........
..........##.###.8.###.##........
..........##.')#).:#)'.##........
.).......)##.#########.##........
.........(.#..##)#)##..#.........
.........((##..#'#'#..##.........


You could see an orc knight and 2 orc warriors.

Vanquished Creatures
  A death knight (D:9)
  A troll (D:12)
  Sigmund (D:2)
  4 yaks
  3 wargs (D:8)
  2 water moccasins
  3 sky beasts
  10 orc warriors
  5 phantoms
  3 ogres
  4 centaurs
  3 big kobolds
  3 bullfrogs
  2 scorpions
  3 killer bees (D:7)
  8 wights
  2 howler monkeys
  3 bullfrog zombies
  2 centaur zombies (D:5)
  4 hounds
  A jelly (D:9)
  17 orc wizards
  6 orc priests
  A bullfrog skeleton (D:6)
  A centaur skeleton (D:6)
  3 iguanas
  7 worker ants
  A worker ant zombie (D:9)
  3 gnolls (D:4)
  2 howler monkey skeletons
  5 adders
  4 shadow imps
  An ufetubus (D:7)
  An adder zombie (D:5)
  3 oozes (D:1)
  2 adder skeletons
  3 worms
  3 dart slugs
  5 leopard geckos
  56 orcs
  3 bats
  3 giant cockroaches
  2 hobgoblins
  11 jackals
  A quokka (D:5)
  4 ball pythons
  2 frilled lizards (D:2)
  7 goblins
  15 kobolds
  A leopard gecko zombie (D:6)
  7 rats
248 creatures vanquished.

Vanquished Creatures (collateral kills)
  A worker ant (D:8)
1 creature vanquished.

Grand Total: 249 creatures vanquished

Notes
Turn   | Place    | Note
-------+----------+-------------------------------------------
     0 | D:1      | dickylongcocking the Deep Dwarf Necromancer began the quest
                  | for the Orb.
     0 | D:1      | Reached XP level 1. HP: 15/15 MP: 3/3
   249 | D:1      | Reached XP level 2. HP: 19/22 MP: 0/4
   543 | D:1      | Reached skill level 5 in Necromancy
  1396 | D:2      | Reached XP level 3. HP: 19/28 MP: 3/6
  1411 | D:2      | Learned a level 3 spell: Vampiric Draining
  1614 | D:2      | Noticed Sigmund
  1633 | D:2      | Killed Sigmund
  1633 | D:2      | Reached skill level 7 in Necromancy
  1633 | D:2      | Reached XP level 4. HP: 36/36 MP: 1/7
  1633 | D:2      | Reached XP level 5. HP: 42/42 MP: 1/8
  1933 | D:2      | Found a shimmering blue altar of Sif Muna.
  2381 | D:3      | Reached XP level 6. HP: 38/49 MP: 1/9
  2608 | D:3      | Reached skill level 1 in Fighting
  2608 | D:3      | Reached skill level 1 in Maces & Flails
  2887 | D:3      | Found a sacrificial altar of Ru.
  2887 | D:3      | Found a glowing golden altar of the Shining One.
  2896 | D:3      | Found a faded altar of an unknown god.
  2898 | D:3      | Found a hide-covered altar of Uskayaw.
  2900 | D:3      | Found a broken altar of Ashenzari.
  3467 | D:3      | Reached skill level 8 in Necromancy
  3880 | D:4      | Found an iron altar of Okawaru.
  4337 | D:4      | Reached XP level 7. HP: 56/60 MP: 1/10
  4629 | D:4      | Found a staircase to the Ecumenical Temple.
  4637 | Temple   | Entered the Ecumenical Temple
  4859 | D:4      | Found a bloodstained altar of Trog.
  5213 | D:5      | Entered Level 5 of the Dungeon
  5880 | D:5      | Reached XP level 8. HP: 42/69 MP: 1/11
  6438 | D:6      | Found a glowing golden altar of the Shining One.
  6449 | D:6      | Reached skill level 9 in Necromancy
  6947 | D:6      | You are sucked into a shaft and drop 2 floors!
  7060 | D:7      | Found Wedeohol's General Store.
  7076 | D:7      | Bought a +2 helmet of see invisible for 258 gold pieces
  7088 | D:7      | Found a shimmering altar of Xom.
  7418 | D:7      | Reached skill level 5 in Maces & Flails
  7437 | D:7      | Found Wiqawk's Weapon Boutique.
  7514 | D:7      | Found Effitz's Antique Weapon Shoppe.
  7544 | D:7      | Found an ancient bone altar of Kikubaaqudgha.
  7544 | D:7      | Found a stormy altar of Qazlal.
  7545 | D:7      | Found a sparkling altar of Nemelex Xobeh.
  7546 | D:7      | Found a burning altar of Makhleb.
  7554 | D:7      | Became a worshipper of Makhleb the Destroyer
  7570 | D:7      | Found Qenegu's Antique Armour Shoppe.
  7983 | D:7      | Found Rusmai's Antique Weapon Shop.
  8201 | D:7      | Gained mutation: You passively map the area around you.
                  | [Deep Dwarf growth]
  8201 | D:7      | Reached XP level 9. HP: 50/80 MP: 4/14
  8504 | D:8      | Reached skill level 5 in Fighting
  8601 | D:8      | Found a staircase to the Lair.
  8828 | D:8      | Reached skill level 1 in Armour
  8828 | D:8      | Reached skill level 10 in Necromancy
  8828 | D:8      | Reached skill level 1 in Evocations
  9766 | D:8      | Reached * piety under Makhleb
 10257 | D:9      | Found the +7 lajatang of Order {silver, rMut}
 10303 | D:9      | Found a staircase to the Orcish Mines.
 10353 | D:9      | Noticed ardl's ghost (novice TrFi)
 10475 | D:9      | Noticed a death knight
 10609 | D:8      | Reached XP level 10. HP: 20/91 MP: 17/17
 10708 | D:8      | Reached skill level 5 in Spellcasting
 11431 | D:5      | Reached skill level 1 in Staves
 11528 | D:5      | Found an opulent altar of Gozag.
 11528 | D:5      | Found a radiant altar of Vehumet.
 11668 | D:9      | Found a runed translucent gate.
 11672 | D:9      | Found a runed translucent gate.
 11672 | D:9      | Found a runed translucent gate.
 11827 | D:9      | Killed a death knight
 11827 | D:9      | Reached skill level 5 in Evocations
 11882 | D:10     | Entered Level 10 of the Dungeon
 11987 | D:10     | You are sucked into a shaft and drop 2 floors!
 12003 | D:12     | Reached ** piety under Makhleb
 12138 | D:11     | Reached skill level 11 in Necromancy
 12183 | D:11     | Found a flagged portal.
 12196 | Bailey   | Entered a bailey
 12464 | Bailey   | Reached skill level 5 in Armour
 13162 | Bailey   | Reached *** piety under Makhleb
 13277 | Bailey   | Noticed an orc knight
 13287 | Bailey   | Mangled by an orc warrior

Illustrated notes

Levels and vault maps discovered:
D:1:      sevenhm_arrival_forest_fort_large_2, layout_basic
D:2:      layout_basic, nicolae_overflow_crystal_walls, uniq_sigmund
D:3:      layout_loops_corners, chequers_temple_overflow_minitemple
D:4:      layout_loops_ring, lightli_temple_of_fire,
          minmay_temple_entry_purple_smoke, kennysheep_cluttered_room,
          okawaru_ov_weapons_minmay
D:5:      layout_loops_cross, gammafunk_temple_overflow_elements
D:6:      layout_loops_corners, kennysheep_diamond
D:7:      layout_rooms, grunt_temple_overflow_open, serial_shops, shop,
          nicolae_shop_overgrown_old_shop, shop, shop_statue,
          kennysheep_mini_moat
D:8:      minmay_goldmine, layout_cave_pools, erik_lair_orcish_takeover,
          serial_column_ruins, column_ruins_square_medium, column_ruins_hut,
          column_ruins_columns_straight, column_ruins_open_small,
          column_ruins_open_medium, column_ruins_grid_3,
          column_ruins_columns_corner, column_ruins_open_tiny
D:9:      layout_cave_pools, orc_0_dummy, gammafunk_ghost_split
D:10:     layout_layer_cave
D:11:     layout_cross, enter_bailey_3, serial_shops, shop, serial_rivers,
          chequers_serial_rivers_marsh, chequers_serial_rivers_small_a,
          chequers_serial_rivers_room_b, chequers_serial_rivers_micro_d,
          chequers_serial_rivers_small_b, kennysheep_doodads, uniq_nergalle
D:12:     layout_cave_pods
Temple:   nicolae_temple_figure_zero
Bailey:   bailey_polearm_2, bailey

Skill      XL: |  1  2  3  4  5  6  7  8  9 10 |
---------------+-------------------------------+-----
Necromancy     | 5 7 8 9 10 11 | 11.1
Spellcasting   | 2 3 4 5 |  5.7
Fighting       | 2 3 4 6 |  6.7
Maces & Flails | 2 3 5 |  5.0
Armour         | 3 5 |  5.3
Evocations     | 4 6 |  6.3
Staves         | 2 |  2.8
Dodging        | |  2.4
Stealth        | |  2.4

Action                   |  1- 3 |  4- 6 |  7- 9 | 10-12 || total
-------------------------+-------+-------+-------+-------++-------
Melee: Unarmed           |     9 |       |     2 |       ||    11
       Dagger            |     3 |       |       |       ||     3
       Whip              |    12 |    92 |   326 |       ||   430
       Great sword       |       |    10 |       |       ||    10
       Spear             |       |       |   124 |       ||   124
       Lajatang          |       |       |    24 |    83 ||   107
 Cast: Pain              |    38 |    28 |    34 |    14 ||   114
       Vampiric Draining |     3 |    28 |   125 |    62 ||   218
Evoke: Wand              |       |       |     6 |     7 ||    13
  Use: Potion            |     4 |       |     8 |     6 ||    18
       Scroll            |       |     6 |     6 |     3 ||    15
 Stab: Distracted        |       |     1 |       |       ||     1
       Sleeping          |       |     1 |     2 |     1 ||     4
       Paralysed         |       |       |       |     4 ||     4
Armor: Leather armour    |     4 |    31 |   190 |    46 ||   271
       Skin              |     4 |       |       |       ||     4
Dodge: Dodged            |    28 |    81 |   417 |   122 ||   648
       Rpst.: Great sword |       |     1 |       |       ||     1

Table legend: (Time is in decaauts)
 A = Elapsed time spent in this place.
 B = Non-inter-level travel time spent in this place.
 C = Inter-level travel time spent in this place.
 D = Time resting spent in this place.
 E = Time spent auto-exploring this place.
 F = Levels seen in this place.
 G = Mean time per level.
                   A        B        C        D        E       F      G
               +--------+--------+--------+--------+--------+-----+--------+
         Total |  13321 |  12820 |    501 |   3222 |   7128 |  14 |  951.5 |
       Dungeon |  12110 |  11609 |    501 |   2496 |   6910 |  12 | 1009.2 |
        Temple |    119 |    119 |      0 |      0 |    107 |   1 |  119.0 |
        Bailey |   1091 |   1091 |      0 |    726 |    111 |   1 | 1091.0 |
               +--------+--------+--------+--------+--------+-----+--------+

Top non-repeatable levels by time:
     D:8: 1835 daAuts
     D:3: 1710 daAuts
     D:7: 1636 daAuts
     D:1: 1383 daAuts
     D:4: 1374 daAuts
     D:5: 1262 daAuts
     D:6: 1190 daAuts
  Bailey: 1091 daAuts
     D:2: 797 daAuts
     D:9: 589 daAuts
    D:12: 147 daAuts
  Temple: 119 daAuts
    D:10: 104 daAuts
    D:11: 76 daAuts
